 Dungeon Crawl Stone Soup version 0.29-a0-925-g0a7a3d12f8 (webtiles) character file.

Game seed: 2285575492749799186

9389 mcwallace the Conjurer (level 11, -19/56 HPs)
             Began as a Vine Stalker Conjurer on July 28, 2022.
             Was a Priest of Cheibriados.
             Demolished by a dire elephant (27 damage)
             ... in a Gauntlet.
             The game lasted 00:32:10 (9659 turns).

mcwallace the Conjurer (Vine Stalker Conjurer)      Turns: 9659, Time: 00:32:10

Health: -19/56     AC:  7    Str: 25    XL:     11   Next: 45%
Magic:  0/31       EV: 15    Int: 30    God:    Cheibriados [***...]
Gold:   738        SH:  6    Dex: 20    Spells: 11/23 levels left

rFire   . . .      SeeInvis .   g - +8 scimitar (flame) {long}
rCold   . . .      Faith    .   I - +0 buckler
rNeg    + . .      Spirit   +   W - +0 troll leather armour
rPois   .          Reflect  .   H - +2 hat
rElec   .          Harm     .   r - scarf {repulsion}
rCorr   .          Rampage  .   n - +0 pair of gloves
Will    +....      NoTele   +   (no boots)
Stlth   ++........              h - amulet of regeneration {@e2}
HPRegen 2.58/turn               L - ring of Descent {Str+6 Slay+3}
MPRegen 0.22/turn               p - ring "Kitoag" {rN+ MP+9 Slay+2}

@: repel missiles, very slow
A: fangs 3, regeneration 1, magic shield, antimagic bite, no potion heal 2
a: Renounce Religion, Bend Time, Temporal Distortion


You were in a Gauntlet.
You worshipped Cheibriados.
Cheibriados was most pleased with you.
You visited 2 branches of the dungeon, and saw 10 of its levels.
You also visited: Ossuary and Gauntlet.

You collected 738 gold pieces.


Innate Abilities, Weirdness & Mutations

You have razor-sharp teeth.
Your natural rate of healing is unusually fast.
When hurt, damage is shared between your health and your magic reserves.
Your bite disrupts and absorbs the magic of your enemies.
Potions cannot restore your health.


   Skills:
 + Level 5.5 Fighting
 - Level 2.5 Armour
 + Level 5.6 Dodging
 - Level 3.2 Stealth
 + Level 4.1 Shields
 + Level 6.8 Spellcasting
 + Level 7.5 Conjurations
 + Level 6.3 Air Magic
 + Level 5.3 Invocations
 + Level 5.6 Evocations


You had 11 spell levels left.
You knew the following spells:

 Your Spells              Type           Power      Damage    Failure   Level
a - Magic Dart            Conj           100%       1d8       1%          1
b - Searing Ray           Conj           100%       2d8       1%          2
c - Lightning Bolt        Conj/Air       25%        1d41      12%         5
d - Flame Wave            Conj/Fire      33%        2d10      14%         4

Your spell library contained the following spells:

 Spells                   Type           Power      Damage    Failure   Level
 Static Discharge         Conj/Air       51%        3-10/arc  1%          2
 Dazzling Flash           Conj/Hex       66%        N/A       4%          3
 Stone Arrow              Conj/Erth      66%        3d11      4%          3
 Airstrike                Air            24%        0-8+      5%          4
 Sandblast                Erth           20%        2d7       7%          1
 Blink                    Tloc           20%        N/A       11%         2
 Passwall                 Tmut/Erth      8%         N/A       11%         2
 Scorch                   Fire           20%        2d6       11%         2
 Fulminant Prism          Conj/Hex       16%        3d11      14%         4
 Iskenderun's Mystic Bla  Conj/Tloc      33%        2d8       14%         4
 Sticky Flame             Conj/Fire      33%        2d5       14%         4
 Summon Lightning Spire   Summ/Air       29%        N/A       19%         4
 Gell's Gravitas          Tloc           10%        N/A       22%         3
 Inner Flame              Hex/Fire       10%        N/A       22%         3
 Lesser Beckoning         Tloc           10%        N/A       22%         3
 Teleport Other           Tloc           10%        N/A       22%         3
 Cause Fear               Hex            5%         N/A       56%         4
 Dispel Undead            Necr           10%        3d9       56%         4
 Manifold Assault         Tloc           10%        N/A       89%         5
 Dispersal                Tloc           5%         N/A       100%        6
 Summon Cactus Giant      Summ           5%         N/A       100%        6
 Storm Form               Tmut/Air       14%        N/A       100%        7
 Discord                  Hex            5%         N/A       100%        8

Inventory:

Hand Weapons
 g - a +8 scimitar of flaming (weapon) {long}
   (You took it off Erica on level 9 of the Dungeon)
 o - a +0 dagger of venom {short}
   (You took it off a goblin on level 2 of the Dungeon)
 u - the +7 sling "Fasiv" {venom, +Blink rN+ Int-4}
   (You found it on level 2 of the Dungeon)

   Any ammunition fired from it poisons the flesh of those it strikes.
   Int:       It affects your intelligence (-4).
   rN:        It protects you from negative energy.
   +Blink:    It lets you blink.
Missiles
 i - 45 stones {throwing}
 k - 6 javelins {throwing}
 t - 16 boomerangs {throwing}
 E - 2 throwing nets {=f!fthrowing}
 O - a curare-tipped dart (quivered) {=fthrowing}
 P - 13 poisoned darts {throwing}
Armour
 n - a +0 pair of gloves (worn)
   (You found it on level 2 of the Dungeon)
 r - a scarf of repulsion (worn)
   (You found it on level 6 of the Dungeon)
 F - a +1 leather armour of willpower
   (You took it off an orc on level 4 of the Dungeon)
 H - a +2 hat (worn)
   (You found it on level 4 of the Dungeon)
 I - a +0 buckler (worn)
   (You found it on level 7 of the Dungeon)
 W - a +0 troll leather armour (worn)
   (You found it on level 9 of the Dungeon)
 X - a +0 robe
   (You took it off a kobold demonologist on level 9 of the Dungeon)
Magical Staves
 N - a staff of conjuration {!a@e2staff}
   (You found it on level 5 of the Dungeon)
 Q - a staff of conjuration {!a@e2staff}
   (You found it on level 6 of the Dungeon)
Jewellery
 h - an amulet of regeneration (around neck) {@e2}
   (You found it on level 1 of the Lair of Beasts)
 m - a ring of magical power
   (You found it on level 1 of the Dungeon)
 p - the ring "Kitoag" (right hand) {rN+ MP+9 Slay+2}
   (You found it on level 2 of the Dungeon)

   [ring of magical power]

   Slay:      It affects your accuracy & damage with ranged weapons and melee
   (+2).
   rN:        It protects you from negative energy.
   MP:        It affects your magic capacity (+9).
 C - a ring of magical power
   (You found it on level 3 of the Dungeon)
 K - a ring of protection from cold
   (You found it on level 5 of the Dungeon)
 L - the ring of Descent (left hand) {Str+6 Slay+3}
   (You found it in a Gauntlet)

   [ring of strength]

   Str:       It affects your strength (+6).
   Slay:      It affects your accuracy & damage with ranged weapons and melee
   (+3).
 Z - an amulet of reflection
   (You found it on level 6 of the Dungeon)
Wands
 q - a wand of flame (36)
   (You found it on level 2 of the Dungeon)
 z - a wand of mindburst (3)
   (You took it off a hobgoblin on level 3 of the Dungeon)
Scrolls
 d - 3 scrolls of poison {!r}
 j - a scroll of immolation {unknown}
 l - a scroll of vulnerability {unknown}
 s - a scroll of fear
 v - 2 scrolls of enchant armour
 w - 4 scrolls of teleportation {@r4}
 B - 2 scrolls of silence {!r}
 D - 3 scrolls of fog
 M - a scroll of amnesia
 T - a scroll of torment {!r}
Potions
 a - a potion of lignification {unknown}
 b - 3 potions of might {unknown}
 c - 5 potions of curing {@q1}
 f - 3 potions of invisibility {unknown}
 x - a potion of degeneration {unknown}
 y - 3 potions of attraction {unknown}
 A - a potion of mutation {unknown}
 G - a potion of berserk rage {!q}
 J - a potion of haste {unknown}
 R - a potion of resistance {unknown}
 U - a potion of heal wounds {unknown}
 V - 2 potions of cancellation {unknown}

Dungeon Overview and Level Annotations

Branches:
Dungeon (9/15) Zot: 38237  Temple (0/1) D:6            Lair (1/5) D:9 Zot: 8769
Ossuary (visited)         Gauntlet (1/1) Zot: 8385
    Orc: D:9-12

Altars:
Cheibriados
Dithmenos
Gozag
Kikubaaqudgha
Nemelex Xobeh
Qazlal
Xom
Yredelemnul

Shops:
D:5 :   D:8 [

Annotations:
Gauntlet 9 transporters, exclusion: 2 lightning spires

########...#.........#..§##
...........###########...≈#
...8.....8...............## ##
................8.....8.## #.#
#########...............≈##..##
..#.#...#...#########...##.....
.#^..#..#...#....(="#...#....#
##^..##.#####.#####.#...#.8©.#
..#.##^.#...#...@.#©#...#....##
...©^#.©#©.©#####Y###.8.#.8©...
..#.##^.#...#...#..Y#...#....##
##^..##.#####.#.###Y#...#.8©.#
.#...#..#...#©#...'.#...#....#
..#.#^..#...#########...##.....
#########...............≈##..##
................8.....8.## #.#
...8.....8...............## ##


You could see a dire elephant and 2 elephants.


Message History

The dire elephant trunk-slaps you! The dire elephant tramples you.
You stumble backwards! 😮 HP[-22] MP[-10]
You take 22 damage, and now have 34/56 hp.
MASSIVE DAMAGE!! (PAUSE)
You lost 10 mp, and now have 17/31 mp.
You hit the dire elephant. You burn the dire elephant.
You bite the dire elephant! You drain its power.
You feel invigorated. The dire elephant tramples you.
You hold your ground!
The dire elephant trunk-slaps you! 😮 HP[-5] MP[-3]
You take 5 damage, and now have 29/56 hp.
You lost 3 mp, and now have 14/31 mp.
You slash the dire elephant! You burn the dire elephant.
Your bite misses the dire elephant. The dire elephant misses you.
The dire elephant closely misses you.
The dire elephant tramples you but does no damage.
The dire elephant trunk-slaps you but does no damage. 😮 HP[+4]
You regained 4 hp, and now have 33/56 hp.
You hit the dire elephant. You burn the dire elephant.
You bite the dire elephant, but do no damage.
The dire elephant barely misses you.
The dire elephant trunk-slaps you but does no damage. 😮 HP[+3] MP[+1]
You regained 3 hp, and now have 36/56 hp.
You hit the dire elephant. You burn the dire elephant.
You block the dire elephant's attack. The dire elephant trunk-slaps you.
The dire elephant tramples you!!
* * * LOW HITPOINT WARNING * * *
You stumble backwards! 😨 HP[-20] MP[-9]
You take 20 damage, and now have 16/56 hp.
MASSIVE DAMAGE!! (PAUSE)
You lost 9 mp, and now have 6/31 mp.
You hit the dire elephant but do no damage.
You bite the dire elephant! You drain its power.
You feel invigorated. The dire elephant tramples you.
* * * LOW HITPOINT WARNING * * *
You hold your ground!
The dire elephant barely misses you. 😨 HP[+1] MP[+4]
You regained 4 mp, and now have 10/31 mp.
Aiming: Mindburst
Press: ? - help, Q - select action, (/) - cycle Shift-Dir - straight line, f/p - dire elephant
Aim: a dire elephant (heavily wounded, chance to affect: 19%)
Okay, then.
The flow of time bends around you.
The dire elephant resists with some effort.
The dire elephant closely misses you. The dire elephant trunk-slaps you!
* * * LOW HITPOINT WARNING * * *
😱 HP[-5] MP[-4]
You take 5 damage, and now have 12/56 hp.
You lost 4 mp, and now have 6/31 mp.
You barely miss the dire elephant. The dire elephant closely misses you.
You block the dire elephant's attack. The dire elephant tramples you!
* * * LOW HITPOINT WARNING * * *
You hold your ground!
The dire elephant trunk-slaps you!
* * * LOW HITPOINT WARNING * * *
😱 HP[-10] MP[-5]
You take 10 damage, and now have 2/56 hp.
You lost 5 mp, and now have 1/31 mp.
Blink to where?
Press: ? - help, Q - select action, (/) - cycle Dir - move target, p - dire elephant
As you read the scroll of blinking {!r}, it crumbles to dust.
The elephant tramples you but does no damage.
The elephant barely misses you. 😱 HP[+2]
You regained 2 hp, and now have 4/56 hp.
The elephant attacks as you move away! The elephant barely misses you.
The elephant trunk-slaps you but does no damage. 😱 HP[+5]
You regained 5 hp, and now have 9/56 hp.
You slash the elephant! You burn the elephant. You bite the elephant!
You drain its power.
You feel invigorated. You block the elephant's attack.
The elephant trunk-slaps you.
* * * LOW HITPOINT WARNING * * *
The elephant closely misses you.
The elephant completely misses you. 😱 MP[+8]
You regained 8 mp, and now have 9/31 mp.
You slash the elephant! You burn the elephant. You bite the elephant.
You drain its power.
You feel invigorated. 😱 HP[+4] MP[+2]
You regained 4 hp, and now have 13/56 hp.
You regained 2 mp, and now have 11/31 mp.
The dire elephant tramples you!!
* * * LOW HITPOINT WARNING * * *
You stumble backwards! 😱 HP[-8] MP[-7]
You take 8 damage, and now have 5/56 hp.
You lost 7 mp, and now have 4/31 mp.
Read: 2 scrolls of fear
Press: ? - help, Q - select action, (/) - cycle Dir - look around, f - activate Look: a dire elephant (moderately wounded, chance to affect: 47%)
As you read the scroll of fear, it crumbles to dust.
You assume a fearsome visage.
The elephant looks frightened!
The dire elephant resists with almost no effort.
The elephant looks frightened!
The dire elephant tramples you!!
You die...

Skill      XL: |  1  2  3  4  5  6  7  8  9 10 11 |
---------------+----------------------------------+-----
Stealth        | 3 |  3.2
Dodging        | 2 3 4 5 |  5.6
Air Magic      | 1 2 3 4 5 6 |  6.3
Evocations     | 1 2 3 4 5 |  5.6
Spellcasting   | 3 4 5 6 |  6.8
Fighting       | 1 2 3 4 5 |  5.5
Conjurations   | 5 6 7 |  7.5
Armour         | 1 2 |  2.5
Invocations    | 2 3 4 5 |  5.3
Shields        | 2 3 4 |  4.1

Action                   |  1- 3 |  4- 6 |  7- 9 | 10-12 || total
-------------------------+-------+-------+-------+-------++-------
Melee: Dagger            |    16 |     2 |       |       ||    18
       Hand axe          |     7 |       |       |       ||     7
       Bite              |     2 |     1 |       |     9 ||    12
       Scimitar          |       |       |       |    16 ||    16
 Fire: Sling             |       |   109 |   323 |   152 ||   584
Throw: Dart              |       |       |       |     2 ||     2
 Cast: Magic Dart        |    50 |     3 |       |       ||    53
       Searing Ray       |       |       |       |     8 ||     8
       Lightning Bolt    |       |       |       |     1 ||     1
Invok: Bend Time         |       |       |       |     2 ||     2
       Slouch            |       |       |       |     2 ||     2
       Temporal Distorti |       |       |       |     1 ||     1
 Abil: Evoke Blink       |       |       |       |     2 ||     2
Evoke: Wand              |       |       |     1 |     2 ||     3
  Use: Scroll            |       |       |     9 |    19 ||    28
       Potion            |       |       |       |     3 ||     3
 Stab: Sleeping          |     1 |       |       |       ||     1
Armor: Robe              |     5 |     4 |       |       ||     9
       Leather armour    |       |     4 |    61 |    30 ||    95
       Troll leather arm |       |       |       |    22 ||    22
Dodge: Dodged            |    13 |    30 |   116 |   103 ||   262
Block: Buckler           |       |       |    28 |    62 ||    90
       Other             |       |       |     9 |       ||     9
       Reflection        |       |       |     1 |     7 ||     8

Levels and vault maps discovered:
D:1:      roderic_crop_circles_arrival_large, layout_basic
D:2:      layout_basic, basic_ecumenical_altar
D:3:      layout_loops_ring, mainiacjoe_overflow_paths,
          overflow_temple_1_default, minmay_close_crescents
D:4:      layout_loops_corners, jmf_multi_god_temple2, grunt_decor_one_mirror,
          chequers_serial_rivers_micro_d, minmay_vboxes
D:5:      layout_cave_pools, overflow_temple_1_default, cheibriados_altar_1,
          tgw_xom, serial_shops, nicolae_shop_statue_plus,
          dreamdust_mushroom_princess
D:6:      layout_loops_cross, lemuel_temple_firewalk_b,
          nicolae_ossuary_entry_catacombs
D:7:      lemuel_ice_spiral_2, layout_basic, grunt_ministairs_4,
          corexii_checkpoint_a, chequers_serial_rivers_small_a,
          kennysheep_nondescript, corexii_checkpoint_a
D:8:      layout_basic, amcnicky_altar_gilded, serial_shops,
          nicolae_diamond_shop
D:9:      layout_irregular_city, dpeg_oklobed_lair, hangedman_decor_push,
          uniq_erolcha, uniq_erica
Lair:1:   layout_cellular_growth, gauntlet_entry_generic, grunt_megastairs_3
Gauntlet: minmay_gauntlet_mixed_oops_all_seconds
          [minmay_gauntlet_arena_77_braids, gammafunk_gauntlet_arena_chambers,
          minmay_gauntlet_arena_77_two_lines,
          gammafunk_gauntlet_arena_split_diamond, minmay_gauntlet_arena_77_path,
          gammafunk_gauntlet_arena_mazey, gauntlet_exit_watery]

Notes
Turn   | Place    | Note
-------+----------+-------------------------------------------
     0 | D:1      | mcwallace the Vine Stalker Conjurer began the quest for the
                  | Orb.
     0 | D:1      | Reached XP level 1. HP: 9/9 MP: 4/4
     0 | D:1      | magus.rc [v1.9.6]
   437 | D:1      | Reached XP level 2. HP: 13/13 MP: 3/6
   911 | D:1      | You pick up a book of Touch and begin reading...
   911 | D:1      | You add the spells Static Discharge, Sticky Flame and
                  | Dispel Undead to your library.
  1065 | D:1      | Reached skill level 3 in Stealth
  1380 | D:2      | You add the spells Blink, Manifold Assault and Storm Form
                  | to your library.
  1387 | D:2      | Identified the ring "Kitoag" {rN+ MP+9 Slay+2}
  1430 | D:2      | Reached XP level 3. HP: 12/16 MP: 7/7
  1435 | D:2      | HP: 4/16 [poisoned by an adder]
  1436 | D:2      | Reached skill level 2 in Dodging
  2042 | D:2      | Gained mutation: Your natural rate of healing is unusually
                  | fast. [Vine Stalker growth]
  2042 | D:2      | Reached XP level 4. HP: 21/21 MP: 9/9
  2043 | D:2      | Found a faded altar of an unknown god.
  2082 | D:2      | Identified the +7 sling "Fasiv" {venom, +Blink rN+ Int-4}
  2095 | D:2      | Reached skill level 1 in Air Magic
  2564 | D:3      | Found a sparkling altar of Nemelex Xobeh.
  2753 | D:3      | Found a basalt altar of Yredelemnul.
  2776 | D:3      | Reached skill level 1 in Evocations
  2942 | D:4      | You pick up a book of Hexes and begin reading...
  2942 | D:4      | You add the spells Inner Flame, Cause Fear and Discord to
                  | your library.
  2970 | D:4      | Noticed an ogre
  2970 | D:4      | Noticed a scorpion
  2996 | D:4      | Reached skill level 3 in Spellcasting
  2996 | D:4      | Reached XP level 5. HP: 24/25 MP: 10/10
  2999 | D:4      | Reached skill level 1 in Fighting
  3003 | D:4      | Reached XP level 6. HP: 30/30 MP: 11/11
  3034 | D:4      | Reached skill level 2 in Air Magic
  3194 | D:4      | You pick up a book of Displacement and begin reading...
  3194 | D:4      | You add the spells Lesser Beckoning, Gell's Gravitas and
                  | Teleport Other to your library.
  3300 | D:4      | Learned a level 2 spell: Searing Ray
  3424 | D:4      | Found a large runed translucent door.
  3425 | D:4      | Found a large runed translucent door.
  3932 | D:4      | Found an opulent altar of Gozag.
  3942 | D:4      | Found an ancient bone altar of Kikubaaqudgha.
  4011 | D:5      | Entered Level 5 of the Dungeon
  4015 | D:5      | Reached skill level 2 in Evocations
  4015 | D:5      | Reached XP level 7. HP: 34/34 MP: 13/13
  4027 | D:5      | Found Houpp's Book Shoppe.
  4042 | D:5      | Reached skill level 2 in Fighting
  4042 | D:5      | Reached skill level 3 in Dodging
  4042 | D:5      | Reached skill level 5 in Conjurations
  4085 | D:5      | Found a shadowy altar of Dithmenos.
  4117 | D:5      | Found a snail-covered altar of Cheibriados.
  4143 | D:5      | Became a worshipper of Cheibriados the Contemplative
  4293 | D:5      | Reached skill level 1 in Armour
  4467 | D:5      | Found a shimmering altar of Xom.
  4527 | D:5      | Reached skill level 4 in Spellcasting
  4802 | D:6      | Gained mutation: You have razor-sharp teeth. [Vine Stalker
                  | growth]
  4802 | D:6      | Reached XP level 8. HP: 39/39 MP: 15/15
  4819 | D:6      | Reached skill level 3 in Air Magic
  4831 | D:6      | Found a sand-covered staircase.
  4837 | Ossuary  | Entered an ossuary
  4837 | Ossuary  | Noticed a wraith
  4837 | Ossuary  | Noticed a wraith
  4837 | Ossuary  | Noticed a wraith
  4842 | Ossuary  | Reached * piety under Cheibriados
  4889 | Ossuary  | Noticed a wraith
  4902 | Ossuary  | Killed a wraith
  4903 | Ossuary  | Reached skill level 1 in Invocations
  5150 | D:6      | Reached skill level 3 in Evocations
  5158 | D:6      | Reached ** piety under Cheibriados
  5369 | D:6      | Reached skill level 3 in Fighting
  5369 | D:6      | Reached skill level 2 in Armour
  5391 | D:6      | Reached skill level 2 in Invocations
  5693 | D:6      | Reached XP level 9. HP: 42/44 MP: 17/17
  5778 | D:6      | Found a staircase to the Ecumenical Temple.
  5865 | D:7      | Reached skill level 4 in Air Magic
  5921 | D:7      | Reached skill level 6 in Conjurations
  6088 | D:7      | Reached skill level 4 in Dodging
  6092 | D:7      | Reached skill level 5 in Spellcasting
  6387 | D:7      | Reached skill level 3 in Invocations
  6398 | D:7      | Reached *** piety under Cheibriados
  6653 | D:7      | Reached skill level 1 in Shields
  6690 | D:8      | Found a stormy altar of Qazlal.
  6722 | D:8      | Reached skill level 4 in Evocations
  6928 | D:8      | Reached skill level 4 in Fighting
  7112 | D:8      | Found Naxyig's Antique Armour Shoppe.
  7133 | D:8      | Reached skill level 2 in Shields
  7409 | D:8      | Reached XP level 10. HP: 50/50 MP: 19/19
  7572 | D:9      | Reached **** piety under Cheibriados
  7670 | D:9      | Noticed a kobold demonologist
  7673 | D:9      | Noticed a smoke demon
  7674 | D:9      | Reached skill level 5 in Air Magic
  7674 | D:9      | Noticed a kobold demonologist
  7675 | D:9      | Noticed a kobold demonologist
  7683 | D:8      | Killed a kobold demonologist
  7890 | D:9      | Killed a kobold demonologist
  7891 | D:9      | Reached skill level 4 in Invocations
  7938 | D:9      | Killed a kobold demonologist
  7966 | D:9      | You pick up a book of Scorching and begin reading...
  7966 | D:9      | You add the spells Scorch, Flame Wave and Summon Cactus
                  | Giant to your library.
  7975 | D:9      | You pick up a book of Geomancy and begin reading...
  7975 | D:9      | You add the spells Sandblast, Passwall and Stone Arrow to
                  | your library.
  8020 | D:9      | You pick up a book of Storms and begin reading...
  8020 | D:9      | You add the spells Airstrike, Summon Lightning Spire and
                  | Lightning Bolt to your library.
  8036 | D:9      | Learned a level 5 spell: Lightning Bolt
  8082 | D:9      | Found a staircase to the Lair.
  8153 | D:9      | Reached skill level 6 in Spellcasting
  8366 | D:9      | Noticed Erolcha
  8369 | D:9      | Paralysed by a hornet for 2 turns
  8372 | D:9      | HP: 8/51 [something (22)]
  8372 | D:9      | HP: 2/51 [hornet (9)]
  8796 | D:9      | Reached skill level 3 in Shields
  8800 | D:9      | Killed Erolcha
  8801 | D:9      | Reached skill level 5 in Dodging
  8801 | D:9      | Reached skill level 7 in Conjurations
  8801 | D:9      | Reached skill level 5 in Evocations
  8903 | D:9      | Noticed Erica
  8913 | D:9      | HP: 11/51 [something (5)]
  8914 | D:9      | Killed Erica
  8915 | D:9      | Reached skill level 5 in Fighting
  9099 | Lair:1   | Entered Level 1 of the Lair of Beasts
  9110 | Lair:1   | Reached XP level 11. HP: 54/55 MP: 21/21
  9200 | Lair:1   | Reached skill level 6 in Air Magic
  9200 | Lair:1   | Reached skill level 5 in Invocations
  9234 | Lair:1   | HP: 12/56 [blink frog (4)]
  9235 | Lair:1   | Found a gate leading to a gauntlet.
  9239 | Lair:1   | HP: 14/56 [water moccasin (2)]
  9244 | Lair:1   | HP: 11/56 [poisoned by a water moccasin]
  9248 | Gauntlet | Entered a Gauntlet
  9248 | Gauntlet | Found a transporter.
  9258 | Gauntlet | Noticed a death drake
  9324 | Gauntlet | Found a transporter.
  9336 | Gauntlet | Found a transporter.
  9340 | Gauntlet | Found a transporter.
  9342 | Gauntlet | Noticed a thrashing horror
  9346 | Gauntlet | Noticed a thrashing horror
  9350 | Gauntlet | Found a transporter.
  9370 | Gauntlet | Noticed a dire elephant
  9372 | Gauntlet | Found a transporter.
  9376 | Gauntlet | Found a runed translucent door.
  9386 | Gauntlet | Found a transporter.
  9403 | Gauntlet | Found a transporter.
  9407 | Gauntlet | Found a transporter.
  9409 | Gauntlet | Noticed a sixfirhy
  9411 | Gauntlet | Noticed a sixfirhy
  9411 | Gauntlet | Noticed a sixfirhy
  9412 | Gauntlet | Noticed a sixfirhy
  9415 | Gauntlet | Found a transporter.
  9440 | Gauntlet | Found a transporter.
  9441 | Gauntlet | Found a transporter.
  9555 | Gauntlet | Learned a level 4 spell: Flame Wave
  9588 | Gauntlet | HP: 12/56 [poisoned by a death drake (dark miasma)]
  9591 | Gauntlet | Killed a death drake
  9592 | Gauntlet | Reached skill level 4 in Shields
  9616 | Gauntlet | Identified the ring of Descent {Str+6 Slay+3}
  9652 | Gauntlet | HP: 12/56 [dire elephant (7)]
  9653 | Gauntlet | HP: 2/56 [dire elephant (5)]
  9658 | Gauntlet | HP: 5/56 [dire elephant (12)]
  9659 | Gauntlet | Demolished by a dire elephant

Vanquished Creatures
  Erolcha (D:9)
  Erica (D:9)
  A death drake (Gauntlet)
  A spectral centaur (Gauntlet)
  A centaur zombie (Gauntlet)
  A torpor snail (Lair:1)
  3 kobold demonologists
  2 trolls (D:9)
  A blink frog (Lair:1)
  A hornet (D:9)
  4 dream sheep (Lair:1)
  A wraith (Ossuary)
  A basilisk (Lair:1)
  A yak (Lair:1)
  A steam dragon (D:9)
  5 water moccasins
  2 ice beasts
  2 black bears
  A hornet zombie (Gauntlet)
  2 ogres
  3 centaurs
  A phantom (D:6)
  An elf zombie (D:6)
  2 necrophages
  5 bullfrogs
  3 kobold brigands (D:9)
  5 scorpions
  2 elf skeletons (D:6)
  8 killer bees (D:8)
  6 hounds
  2 jellies
  4 orc priests
  2 gnoll boudas
  3 iguanas
  7 orc wizards
  A mummy (Ossuary)
  10 gnolls
  7 adders
  2 shadow imps (D:7)
  A white imp (D:4)
  An ufetubus (D:5)
  2 dart slugs
  29 orcs
  5 bats
  2 endoplasms
  4 giant cockroaches
  13 goblins
  11 hobgoblins
  9 jackals
  7 quokkas
  8 ball pythons
  2 frilled lizards (D:1)
  4 gnoll skeletons (Ossuary)
  21 kobolds
  7 kobold skeletons (Ossuary)
  16 orc skeletons
  An orc zombie (D:6)
  6 rats
256 creatures vanquished.

Vanquished Creatures (others)
  3 demonic plants (Gauntlet)
  12 fungi
  4 plants
19 creatures vanquished.

Grand Total: 275 creatures vanquished

Table legend:
 A = Non-vault XP
 B = Vault XP
 C = Vault XP percentage of total XP
 D = Non-vault monster count
 E = Vault monster count
 F = Vault count percentage of total count
                 A         B        C        D         E       F
            +---------+---------+-------+---------+---------+-------
      Total |    8334 |    5079 |  37.9 |     189 |      67 |  26.2
            +---------+---------+-------+---------+---------+-------
        D:1 |      29 |       0 |   0.0 |      19 |       0 |   0.0
        D:2 |      71 |       0 |   0.0 |      22 |       0 |   0.0
        D:3 |      37 |      12 |  24.5 |      13 |       6 |  31.6
        D:4 |     210 |     225 |  51.7 |      19 |       8 |  29.6
        D:5 |     374 |      40 |   9.7 |      12 |       6 |  33.3
        D:6 |     918 |     253 |  21.6 |      16 |       6 |  27.3
        D:7 |     894 |     227 |  20.2 |      22 |       6 |  21.4
        D:8 |    1481 |       0 |   0.0 |      24 |       0 |   0.0
        D:9 |    2306 |    1718 |  42.7 |      33 |       2 |   5.7
     Lair:1 |    2014 |     514 |  20.3 |       9 |       2 |  18.2
    Ossuary |       0 |     257 | 100.0 |       0 |      27 | 100.0
   Gauntlet |       0 |    1833 | 100.0 |       0 |       4 | 100.0
            +---------+---------+-------+---------+---------+-------

Illustrated notes

Table legend:
 A = Kills in this place as a percentage of kills in entire the game.
 B = Kills by you in this place as a percentage of kills by you in the entire game.
 C = Kills by friends in this place as a percentage of kills by friends in the entire game.
 D = Other kills in this place as a percentage of other kills in the entire game.
 E = Experience gained in this place as a percentage of experience gained in the entire game.
 F = Experience gained in this place divided by the number of levels of this place that you have seen.
                   A       B       C       D       E      F
               +-------+-------+-------+-------+-------+----------------------
         Total | 100.0 | 100.0 |   N/A |   N/A | 100.0 | 1117.8
       Dungeon |  83.6 |  83.6 |   N/A |   N/A |  65.6 | 977.2
          Lair |   4.3 |   4.3 |   N/A |   N/A |  18.8 | 2528.0
       Ossuary |  10.5 |  10.5 |   N/A |   N/A |   1.9 | 257.0
      Gauntlet |   1.6 |   1.6 |   N/A |   N/A |  13.7 | 1833.0
               +-------+-------+-------+-------+-------+----------------------

Table legend: (Time is in decaauts)
 A = Elapsed time spent in this place.
 B = Non-inter-level travel time spent in this place.
 C = Inter-level travel time spent in this place.
 D = Time resting spent in this place.
 E = Time spent auto-exploring this place.
 F = Levels seen in this place.
 G = Mean time per level.
                   A        B        C        D        E       F      G
               +--------+--------+--------+--------+--------+-----+--------+
         Total |  12226 |  11687 |    539 |    329 |   9246 |  12 | 1018.8 |
       Dungeon |  11069 |  10530 |    539 |    329 |   8693 |   9 | 1229.9 |
          Lair |    230 |    230 |      0 |      0 |      0 |   1 |  230.0 |
       Ossuary |    314 |    314 |      0 |      0 |    146 |   1 |  314.0 |
      Gauntlet |    612 |    612 |      0 |      0 |    405 |   1 |  612.0 |
               +--------+--------+--------+--------+--------+-----+--------+

Top non-repeatable levels by time:
     D:8: 1910 daAuts
     D:9: 1770 daAuts
     D:6: 1354 daAuts
     D:1: 1320 daAuts
     D:7: 1299 daAuts
     D:4: 1126 daAuts
     D:2: 1032 daAuts
     D:5: 682 daAuts
Gauntlet: 612 daAuts
     D:3: 573 daAuts
 Ossuary: 314 daAuts
  Lair:1: 230 daAuts
